 Dungeon Crawl Stone Soup version 0.21.0-3-g78d12a8 (webtiles) character file.

291398 Monsterracer the Marksminotaur (level 19, -1/174 HPs)
             Began as a Minotaur Conjurer on Jan 16, 2018.
             Was an Elder of Uskayaw.
             Slain by a water elemental (16 damage)
             ... summoned by Ilsuiw
             ... on level 4 of the Shoals on Jan 17, 2018.
             The game lasted 01:45:41 (50816 turns).

Monsterracer the Marksminotaur (Minotaur Conjurer) Turns: 50816, Time: 01:45:42

Health: -1/174     AC: 29    Str: 17    XL:     19   Next: 96%
Magic:  27/27      EV: 13    Int: 16    God:    Uskayaw [****..]
Gold:   2441       SH:  0    Dex:  6    Spells: 20/20 levels left

rFire    . . .     SeeInvis .   a - +10 longbow "Rateud" {flame, rElec rC++ Dex-5 Stlth+}
rCold    + + +     Gourm    .   (shield currently unavailable)
rNeg     + . .     Faith    +   I - +3 scale mail of Ogaca {rN+ Str-4 Int+4 Slay+6}
rPois    .         Spirit   .   H - +2 hat
rElec    +         Reflect  .   q - +2 cloak
rCorr    .         Harm     .   W - +2 pair of gloves
MR       +....                  V - +2 pair of boots {run}
Stlth    +.........             j - amulet of faith
HPRegen  0.39/turn              N - ring of protection from cold {!d}
MPRegen  0.20/turn              P - +3 ring of protection

@: about to teleport, studying 2 skills, very slow
A: retaliatory headbutt, horns 2
}: 2/15 runes: barnacled, gossamer
a: Stomp, Line Pass, Renounce Religion


You were on level 4 of the Shoals.
You worshipped Uskayaw.
Uskayaw was pleased with you.
You were very hungry.

You visited 7 branches of the dungeon, and saw 33 of its levels.
You also visited: Labyrinth and Ice Cave.

You collected 3785 gold pieces.
You spent 1344 gold pieces at shops.

Inventory:

Hand Weapons
 a - the +10 longbow "Rateud" (weapon) {flame, rElec rC++ Dex-5 Stlth+}
   (You found it on level 8 of the Dungeon)

   It causes projectiles fired from it to burn those they strike, causing extra
   injury to most foes and up to half again as much damage against particularly
   susceptible opponents.
   It affects your dexterity (-5).
   It greatly protects you from cold.
   It insulates you from electricity.
   It makes you more stealthy.
 b - a +9 battleaxe of freezing
 w - the +6 war axe "Omegud" {flame, rPois rC+ rN+}
   (You found it on level 3 of the Lair of Beasts)

   It has been specially enchanted to burn those struck by it, causing extra
   injury to most foes and up to half again as much damage against particularly
   susceptible opponents.
   Big, fiery blades are also staple armaments of hydra-hunters.
   It protects you from cold.
   It protects you from poison.
   It protects you from negative energy.
Missiles
 z - 9 throwing nets {!F}
 A - 563 arrows (quivered)
Armour
 q - a +2 cloak (worn)
 H - a +2 hat (worn)
 I - the +3 scale mail of Ogaca (worn) {rN+ Str-4 Int+4 Slay+6}
   (You bought it in a shop on level 10 of the Dungeon)

   It affects your strength (-4).
   It affects your intelligence (+4).
   It affects your accuracy and damage with ranged weapons and melee attacks
   (+6).
   It protects you from negative energy.
 U - the +7 plate armour of Failure {rPois Dex+2}
   (You found it on level 15 of the Dungeon)

   It affects your dexterity (+2).
   It protects you from poison.
 V - a +2 pair of boots of running (worn)
 W - a +2 pair of gloves (worn)
Jewellery
 j - an amulet of faith (around neck)
 y - the amulet "Osened" {Spirit rN+ MR++ MP+9 Dex-2}
   (You took it off Psyche on level 8 of the Dungeon)

   [amulet of guardian spirit]

   It causes incoming damage to be split between your health and magic.
   It affects your dexterity (-2).
   It protects you from negative energy.
   It affects your resistance to hostile enchantments.
   It affects your magic capacity (+9).
 N - a ring of protection from cold (left hand) {!d}
 O - an uncursed ring of protection from fire {!d}
 P - a +3 ring of protection (right hand)
 X - a +3 ring of strength
Wands
 g - a wand of flame (60)
 r - a wand of acid (34)
 v - a wand of paralysis (25)
 x - a wand of digging (48)
 B - a wand of iceblast (27)
 C - a wand of clouds (9)
 J - a wand of scattershot (7)
Scrolls
 d - a scroll of enchant weapon
 f - 21 scrolls of remove curse
 i - 11 scrolls of teleportation
 n - a scroll of fear {!r}
 F - 8 scrolls of fog
 K - 15 scrolls of identify
 L - 4 scrolls of magic mapping {!r}
 M - a scroll of summoning {!r}
 R - a scroll of blinking
 S - 2 scrolls of silence
 T - a scroll of holy word
 Y - 2 scrolls of enchant armour
Potions
 e - 5 potions of lignification
 h - 7 potions of ambrosia {!q}
 k - 2 potions of flight
 l - 11 potions of curing
 m - 3 potions of might
 o - 3 potions of invisibility
 p - 7 potions of mutation {!q}
 s - 4 potions of magic
 t - 6 potions of agility
 u - 5 potions of haste
 D - 5 potions of heal wounds
 E - 4 potions of berserk rage {!q}
Books
 Q - a manual of Maces & Flails
 Z - a manual of Axes
Comestibles
 c - 53 rations


   Skills:
 * Level 16.9 Fighting
 + Level 18.7 Axes
 - Level 20.0 Bows
 + Level 15.3 Armour
 + Level 13.5 Dodging
 - Level 1.5 Stealth
   Level 8.3 Shields
 - Level 1.3 Spellcasting
   Level 2.9 Conjurations
 + Level 12.5 Invocations


You had 20 spell levels left.
You didn't know any spells.

Dungeon Overview and Level Annotations

Branches:
Dungeon (15/15)            Temple (1/1) D:6            Lair (6/6) D:10
 Shoals (4/4) Lair:3       Spider (4/4) Lair:4        Slime (0/5) Lair:6
    Orc (2/2) D:9             Elf (0/3) Orc:2        Vaults (0/5) D:14
 Depths (1/5) D:15

Altars:
Ashenzari
Cheibriados
Dithmenos
Elyvilon
Fedhas
Gozag
Hepliaklqana
Kikubaaqudgha
Makhleb
Nemelex Xobeh
Okawaru
Qazlal
Ru
Sif Muna
Trog
Uskayaw
Vehumet
Wu Jian
Xom
Yredelemnul
Zin
The Shining One

Shops:
D:10 [   D:14 %   Orc:2 !((*

Annotations:
Shoals:4 Ilsuiw


Innate Abilities, Weirdness & Mutations

You reflexively headbutt those who attack you in melee.
You have a pair of horns on your head.


Message History

The water elemental engulfs you in water!
Something hits you!
You take 19 damage, and have 117/174 hp.
With effort, you pull free of the water engulfing you.
You enter the shallow water.
Moving in this stuff is going to be slow.
You gasp with relief as air once again reaches your lungs.
The merfolk throws an exploding tomahawk.
The exploding tomahawk hits you but does no damage.
The exploding tomahawk explodes!
The explosion of tomahawk fragments engulfs you!
The explosion of tomahawk fragments engulfs the water elemental.
The water elemental hits you.
The merfolk throws a tomahawk.
The tomahawk hits you but does no damage.
You hear a splash.
The water elemental misses you.
The merfolk throws a throwing net.
The throwing net hits you.
You become entangled in the net!
You hear a splash.
The merfolk impaler hits you but does no damage.
You hear some strange, mumbled words.
Uskayaw links your audience in an emotional bond!
Things that are here:
a throwing net; a tomahawk You struggle against the net.
The merfolk impaler hits you but does no damage.
The water elemental hits you.
The water elemental engulfs you in water!
The merfolk barely misses you.
The merfolk impaler hits you from afar with a trident.
Something hits you but does no damage.
The merfolk hits you but does no damage.
You take 1 damage, and have 117/174 hp.
You struggle against the net.
Your lungs strain for air!
The water elemental hits you.
The merfolk impaler completely misses you.
The merfolk barely misses you. Something hits you!
The merfolk hits you but does no damage.
The merfolk impaler hits you from afar with a trident!!
* * * LOW HITPOINT WARNING * * *
A merfolk comes into view. It is wielding a trident of protection.
You take 35 damage, and have 82/174 hp.
MASSIVE DAMAGE!!
You rip the net and break free!
* * * LOW HITPOINT WARNING * * *
Your lungs strain for air!
The water elemental misses you. The merfolk impaler barely misses you.
The merfolk hits you but does no damage.
The merfolk misses you. The water elemental barely misses you.
Something hits you but does no damage.
You take 5 damage, and have 77/174 hp.
You cannot read scrolls while unable to breathe!
With effort, you pull free of the water engulfing you.
You gasp with relief as air once again reaches your lungs.
The merfolk is no longer sharing its pain.
The merfolk impaler is no longer sharing its pain.
The water elemental hits you.
The merfolk hits you but does no damage.
The merfolk barely misses you.
The merfolk hits you but does no damage.
The water elemental hits you.
* * * LOW HITPOINT WARNING * * *
The water elemental engulfs you in water!
The merfolk impaler hits you but does no damage.
Something hits you but does no damage. The water elemental hits you.
The merfolk impaler closely misses you.
You take 4 damage, and have 73/174 hp.
With effort, you pull free of the water engulfing you.
You gasp with relief as air once again reaches your lungs.
The water elemental is no longer sharing its pain.
The merfolk is no longer sharing its pain. x2
The merfolk barely misses you. The merfolk closely misses you.
The water elemental hits you. Something hits you!
* * * LOW HITPOINT WARNING * * *
The merfolk hits you from afar with a trident!
* * * LOW HITPOINT WARNING * * *
The merfolk impaler misses you.
The merfolk hits you from afar with a trident!
* * * LOW HITPOINT WARNING * * *
The water elemental hits you.
The merfolk hits you but does no damage.
You take 30 damage, and have 43/174 hp.
As you read the scroll of teleportation, it crumbles to dust.
You feel strangely unstable.
The water elemental is no longer sharing its pain.
The merfolk impaler closely misses you. Something hits you but does no damage.
The merfolk hits you from afar with a trident!
* * * LOW HITPOINT WARNING * * *
The water elemental barely misses you. The water elemental misses you.
You furiously retaliate!
You headbutt the water elemental!
The merfolk hits you from afar with a trident.
* * * LOW HITPOINT WARNING * * *
The merfolk hits you but does no damage.
The merfolk impaler hits you from afar with a trident.
* * * LOW HITPOINT WARNING * * *
You can no longer merge with and destroy a victim.
You take 20 damage, and have 23/174 hp.
The water elemental hits you!
* * * LOW HITPOINT WARNING * * *
The water elemental hits you!
You die...

...........≈≈≈≈≈.......
.........≈≈≈≈≈≈≈≈≈......
.........≈≈≈≈≈≈≈≈≈.......
.........≈≈≈≈≈≈≈≈≈........
≈≈.........≈≈≈≈≈≈≈.........
≈≈≈≈≈.......≈≈≈≈≈≈.......≈.
≈≈≈≈≈≈..≈.#≈≈#≈≈≈≈.......#
≈≈≈≈≈..#######≈≈≈≈≈.....#
≈≈≈≈.### ##≈@E≈≈..≈# ≈≈≈≈.#
#≈≈E≈≈≈.## . ≈≈≈≈.#
#≈mmE{E≈# (( ≈≈≈≈.≈
##≈mmm≈≈# (#. ≈
#≈≈≈E≈≈##)(.≈ ##(≈≈≈≈≈)≈)(#
≈#≈≈≈≈†(≈≈)≈##
#(≈≈≈≈.(.≈(≈#
#≈≈≈≈≈≈≈≈≈≈!≈≈≈≈


You could see a merfolk impaler, 4 merfolk and 5 water elementals.

Vanquished Creatures
  Bai Suzhen (Spider:4)
  Margery (Depths:1)
  Arachne (Spider:4)
  Rupert (D:14)
  A kraken (Shoals:2)
  Frances (Spider:1)
  A sphinx (D:15)
  Agnes (Spider:1)
  3 tengu reavers
  A storm dragon (D:12)
  4 emperor scorpions
  3 frost giants
  An orc warlord (D:9)
  2 ghost moths (Spider:4)
  Louise (Spider:1)
  5 entropy weavers
  Nessos (D:12)
  Azrael (D:13)
  A vampire knight (D:15)
  A spark wasp (Spider:4)
  A minotaur (Lab)
  3 ettins
  5 merfolk javelineers
  The ghost of hilaritas the Carver, a journeyman DgFi (D:11)
  3 fire dragons (D:15)
  9 merfolk impalers
  An ice dragon (D:14)
  Harold (D:12)
  13 centaur warriors
  A vault guard (D:14)
  3 merfolk avatars
  6 hydras
  3 ogre magi
  A death knight (D:15)
  3 catoblepae
  10 merfolk aquamancers
  A queen ant (Spider:2)
  9 two-headed ogres
  The ghost of matthes123 the Fighter, a novice MfGl of Hepliaklqana (D:10)
  15 death yaks
  2 deep troll earth magi
  5 satyrs
  A deep troll shaman (Depths:1)
  3 orc high priests (Orc:2)
  9 tengu warriors
  Urug (Lair:2)
  Sonja (D:12)
  2 hell knights (Depths:1)
  8 skeletal warriors
  4 deep trolls
  4 unseen horrors
  A kraken simulacrum (Shoals:4)
  A wizard (D:15)
  A flayed ghost (D:15)
  17 harpies
  Pikel (D:8)
  10 sea snakes
  3 necromancers (Depths:1)
  7 orc knights
  A wolf spider zombie (D:14)
  22 fauns
  17 orb spiders
  6 deep elf magi
  41 wolf spiders
  6 orc sorcerers
  2 salamanders (shapeshifter)
  13 manticores
  16 ugly things
  3 moths of wrath (Spider:4)
  An ice statue (IceCv)
  5 cyclopes
  Maurice (D:8)
  7 merfolk sirens
  2 black mambas
  12 elephants
  6 water nymphs
  4 gargoyles
  8 spiny frogs
  5 centaur zombies
  Psyche (D:8)
  2 torpor snails
  7 demonic crawlers
  8 rime drakes
  A freezing wraith (D:15)
  5 komodo dragons
  10 yaktaurs
  A tengu conjurer (D:15)
  4 meliai
  29 merfolk
  35 jumping spiders
  15 polar bears
  10 wind drakes
  9 trolls
  17 hornets
  6 dream sheep
  4 snapping turtles
  5 blink frogs (Lair:3)
  8 hippogriffs
  A meliai zombie (D:15)
  6 slime creatures
  12 spriggans (Lair:6)
  16 water elementals
  3 vampires
  Sigmund (D:6)
  2 shadows (Lab)
  A hippogriff (shapeshifter) (D:15)
  68 redbacks
  22 tarantellas
  37 yaks
  A wyvern (Lair:5)
  4 hungry ghosts
  4 wraiths
  Eustachio (D:4)
  A basilisk (Lair:1)
  2 fire elementals (D:13)
  Grum (D:7)
  The ghost of Nicoed the Charmwright, an amateur GnSk (D:3)
  4 vampire mosquitoes
  A warg (Orc:1)
  26 soldier ants (Spider:2)
  17 water moccasins
  3 acid dragons
  Duvessa (D:7)
  3 hell hounds (D:13)
  7 porcupines
  15 ice beasts
  22 orc warriors
  2 slaves
  4 sky beasts
  4 boggarts (Lair:6)
  2 phantoms
  4 black bears
  33 wolves
  9 ogres
  2 necrophages
  12 centaurs
  11 crocodiles
  Blork the orc (D:6)
  20 bullfrogs
  Dowan (D:7)
  A wyvern skeleton (D:13)
  4 scorpions
  3 killer bees (D:7)
  8 howler monkeys
  6 electric eels
  7 crimson imps
  A bullfrog zombie (D:4)
  2 quasits
  4 centaur skeletons
  A gnoll shaman (D:6)
  6 hounds
  16 orc priests
  4 jellies
  21 orc wizards
  Terence (D:2)
  5 iguanas
  24 worker ants
  2 hound skeletons (D:5)
  A worker ant zombie (D:6)
  16 gnolls
  13 adders
  6 shadow imps
  An adder skeleton (D:4)
  3 worms
  3 dart slugs
  3 leopard geckos
  46 orcs
  4 giant cockroaches
  9 goblins
  2 hobgoblins
  6 jackals
  7 kobolds
  4 quokkas
  2 ball pythons (D:1)
  7 bats
  5 frilled lizards
  A giant cockroach zombie (D:4)
  A leopard gecko skeleton (D:4)
  A leopard gecko zombie (D:6)
  A quokka zombie (D:4)
  3 rats
  2 fungi
  9 plants
  5 tentacles
1223 creatures vanquished.

Vanquished Creatures (others)
  A merfolk aquamancer (Shoals:2)
  2 polar bears (IceCv)
  A slave (D:8)
  An eye of draining (D:13)
  4 wolves (IceCv)
  A hound (D:8)
  An orc wizard (D:8)
  2 orcs (D:8)
  A quokka (D:8)
  2 bushes
  A fungus (Lair:2)
  6 plants
  7 tentacles
30 creatures vanquished.

Grand Total: 1253 creatures vanquished

Notes
Turn   | Place    | Note
-------+----------+-------------------------------------------
     0 | D:1      | Monsterracer the Minotaur Conjurer began the quest for the Orb.
     0 | D:1      | Reached XP level 1. HP: 14/14 MP: 1/1
    52 | D:1      | Reached skill level 1 in Fighting
    60 | D:1      | HP: 8/16 [frilled lizard (3)]
   329 | D:1      | Reached XP level 2. HP: 24/24 MP: 3/3
   439 | D:1      | HP: 12/24 [jackal (2)]
   446 | D:1      | HP: 8/25 [jackal (2)]
  1362 | D:2      | Reached skill level 1 in Shields
  1362 | D:2      | Reached XP level 3. HP: 26/31 MP: 4/4
  1741 | D:2      | Noticed Terence
  1753 | D:2      | HP: 12/31 [Terence/mace (8)]
  1784 | D:2      | HP: 13/31 [Terence/mace (2)]
  2031 | D:2      | Found an ancient bone altar of Kikubaaqudgha.
  2375 | D:3      | Noticed Nicoed's ghost (amateur GnSk)
  2417 | D:2      | HP: 15/31 [poisoned by an adder]
  2424 | D:2      | HP: 15/33 [poisoned by an adder]
  2609 | D:2      | HP: 16/33 [Terence/mace (4)]
  2632 | D:2      | HP: 9/33 [Terence/mace (9)]
  2637 | D:2      | Killed Terence
  2637 | D:2      | Reached XP level 4. HP: 8/40 MP: 5/5
  3837 | D:4      | Noticed Eustachio
  3837 | D:4      | Reached skill level 5 in Fighting
  3837 | D:4      | Reached skill level 1 in Armour
  3837 | D:4      | Reached XP level 5. HP: 41/48 MP: 6/6
  3872 | D:5      | Entered Level 5 of the Dungeon
  3944 | D:5      | Noticed an ice beast
  3982 | D:4      | Reached skill level 1 in Axes
  4040 | D:4      | Found a deep blue altar of Sif Muna.
  4347 | D:4      | Reached XP level 6. HP: 51/56 MP: 7/7
  4740 | D:4      | Killed Eustachio
  4898 | D:4      | HP: 28/56 [gnoll/halberd of freezing (2)]
  4926 | D:4      | HP: 25/56 [gnoll/halberd of freezing (2)]
  5170 | D:3      | HP: 23/56 [Nicoed's ghost (10)]
  5171 | D:3      | Killed Nicoed's ghost
  5171 | D:3      | Reached skill level 5 in Axes
  5171 | D:3      | Reached skill level 5 in Shields
  5171 | D:3      | Reached XP level 7. HP: 25/61 MP: 8/8
  5439 | D:4      | HP: 26/61 [gnoll/halberd of freezing (8)]
  5654 | D:4      | HP: 29/61 [gnoll/spear (2)]
  6044 | D:5      | HP: 29/61 [iguana (8)]
  6561 | D:5      | Found a shattered altar of Ashenzari.
  6931 | D:5      | Reached XP level 8. HP: 68/68 MP: 9/9
  7022 | D:6      | Noticed Sigmund
  7201 | D:6      | Killed Sigmund
  7337 | D:6      | HP: 35/70 [acid (2)]
  7555 | D:6      | Noticed Blork the orc
  7565 | D:6      | Killed Blork the orc
  8144 | D:6      | Found a staircase to the Ecumenical Temple.
  8157 | Temple   | Entered the Ecumenical Temple
  8222 | Temple   | Became a worshipper of Uskayaw the Reveler
  8322 | D:7      | Reached * piety under Uskayaw
  8324 | D:7      | Reached ** piety under Uskayaw
  8327 | D:7      | HP: 29/70 [centaur/arrow (7)]
  8327 | D:7      | Reached *** piety under Uskayaw
  8328 | D:7      | Reached **** piety under Uskayaw
  8330 | D:7      | HP: 14/70 [sky beast (5)]
  8333 | D:7      | HP: 3/70 [sky beast (5)]
  8333 | D:7      | Reached ***** piety under Uskayaw
  8335 | D:7      | Reached skill level 1 in Invocations
  8810 | D:7      | Reached XP level 9. HP: 44/78 MP: 10/10
  8818 | D:7      | HP: 39/78 [poisoned by a killer bee]
  8825 | D:7      | HP: 38/78 [poisoned by a killer bee]
  8832 | D:7      | HP: 37/78 [poisoned by a killer bee]
  8840 | D:7      | HP: 37/78 [poisoned by a killer bee]
  9049 | D:7      | Got a fine trident
  9050 | D:7      | Identified the +4 trident of Trog's Generosity {drain, rF++} (You found it on level 7 of the Dungeon)
  9268 | D:7      | HP: 39/78 [hippogriff (9)]
  9768 | D:7      | Noticed Duvessa
  9769 | D:7      | Noticed Dowan
  9784 | D:7      | Killed Duvessa
  9784 | D:7      | Killed Dowan
 10126 | D:8      | Paralysed by fainting for 12 turns
 10141 | D:8      | Reached skill level 10 in Axes
 10199 | D:8      | Noticed Psyche
 10269 | D:8      | Noticed Pikel
 10408 | D:8      | Killed Pikel
 10408 | D:8      | Reached skill level 5 in Armour
 10533 | D:8      | Noticed Maurice
 10705 | D:8      | HP: 39/79 [Maurice/wand of acid (6) (10)]
 10712 | D:8      | Killed Maurice
 10766 | D:8      | HP: 38/79 [orc wizard/dagger (1)]
 10768 | D:8      | Reached XP level 10. HP: 42/86 MP: 8/11
 10854 | D:8      | Found a basalt altar of Yredelemnul.
 10990 | D:8      | Noticed Grum
 11013 | D:7      | HP: 43/86 [poisoned by a worker ant]
 11020 | D:7      | HP: 43/86 [poisoned by a worker ant]
 11028 | D:7      | HP: 43/86 [poisoned by a worker ant]
 11220 | D:7      | Killed Grum
 11585 | D:8      | Killed Psyche
 11592 | D:8      | Got a slimy ivory amulet
 11948 | D:8      | Got an ichor-stained longbow
 12009 | D:8      | Identified the amulet "Osened" {Spirit rN+ MR++ MP+9 Dex-2} (You took it off Psyche on level 8 of the Dungeon)
 12016 | D:8      | Identified the +10 longbow "Rateud" {flame, rElec rC++ Dex-5 Stlth+} (You found it on level 8 of the Dungeon)
 12748 | D:9      | Reached skill level 1 in Bows
 12792 | D:9      | Found a glowing silver altar of Zin.
 12811 | D:9      | Reached skill level 2 in Bows
 12869 | D:9      | Found a staircase to the Orcish Mines.
 13048 | D:9      | Reached skill level 3 in Bows
 13218 | D:9      | Found a bloodstained altar of Trog.
 13581 | D:10     | Entered Level 10 of the Dungeon
 13606 | D:10     | Reached skill level 4 in Bows
 13632 | D:10     | Reached skill level 5 in Bows
 13732 | D:10     | Noticed a gargoyle
 13737 | D:10     | Killed a gargoyle
 13737 | D:10     | Reached skill level 6 in Bows
 13758 | D:10     | Noticed a two-headed ogre
 13764 | D:10     | Killed a two-headed ogre
 13764 | D:10     | Reached skill level 7 in Bows
 13834 | D:10     | Found Onluev's Armour Emporium.
 13934 | D:10     | Reached skill level 8 in Bows
 14133 | D:10     | Found a staircase to the Lair.
 14133 | D:10     | Noticed a death yak
 14133 | D:10     | Noticed a death yak
 14133 | D:10     | Noticed a death yak
 14133 | D:10     | Noticed a death yak
 14133 | D:10     | Noticed a death yak
 14172 | D:9      | HP: 43/88 [death yak (9)]
 14176 | D:9      | HP: 18/88 [death yak (12)]
 14177 | D:9      | Killed a death yak
 14177 | D:9      | Reached XP level 11. HP: 19/94 MP: 13/13
 14530 | D:10     | Noticed matthes123's ghost (novice MfGl)
 14541 | D:10     | Killed matthes123's ghost
 14541 | D:10     | Reached skill level 9 in Bows
 14887 | D:10     | Killed a death yak
 14900 | D:10     | Killed a death yak
 14900 | D:10     | Reached skill level 10 in Bows
 14910 | D:10     | Killed a death yak
 14911 | D:10     | Reached ****** piety under Uskayaw
 14912 | D:10     | HP: 44/94 [death yak (10)]
 14917 | D:10     | HP: 11/94 [death yak (14)]
 14919 | D:10     | Killed a death yak
 14919 | D:10     | Reached skill level 11 in Bows
 15700 | Lair:1   | Entered Level 1 of the Lair of Beasts
 15740 | Lair:1   | Found the +7 captain's cutlass {speed, disarm}
 16146 | Lair:1   | Noticed a seven-headed hydra
 16149 | Lair:1   | Killed a seven-headed hydra
 16468 | Lair:1   | Got an encrusted scale mail
 16479 | Lair:1   | Identified the +0 scale mail of Fashionability {rPois Stlth+} (You found it on level 1 of the Lair of Beasts)
 16576 | Lair:1   | Reached skill level 12 in Bows
 17182 | Lair:2   | Noticed an eight-headed hydra
 17185 | Lair:2   | Killed an eight-headed hydra
 17398 | Lair:2   | Identified a scroll of acquirement
 17559 | Lair:2   | Reached XP level 12. HP: 62/103 MP: 14/14
 17937 | Lair:2   | Noticed Urug
 17947 | Lair:2   | HP: 36/103 [Urug/eveningstar of protection (24)]
 17950 | Lair:2   | HP: 5/103 [Urug/eveningstar of protection (15)]
 18024 | Lair:2   | HP: 11/103 [Urug/eveningstar of protection (14)]
 18472 | D:10     | Bought a +0 pair of gloves for 45 gold pieces
 18472 | D:10     | Bought a +0 hat for 40 gold pieces
 18472 | D:10     | Bought the +3 scale mail of Ogaca {rN+ Str-4 Int+4 Slay+6} for 554 gold pieces
 18584 | Lair:2   | Killed Urug
 19105 | Lair:3   | Got a twisted war axe
 19106 | Lair:3   | Identified the +6 war axe "Omegud" {flame, rPois rC+ rN+} (You found it on level 3 of the Lair of Beasts)
 19550 | Lair:3   | Noticed a death yak
 19550 | Lair:3   | Noticed a death yak
 19552 | Lair:3   | Noticed a death yak
 19553 | Lair:3   | Noticed a death yak
 19554 | Lair:3   | Noticed a death yak
 19558 | Lair:3   | Killed a death yak
 19558 | Lair:3   | Reached skill level 5 in Dodging
 19560 | Lair:3   | Killed a death yak
 19560 | Lair:3   | Killed a death yak
 19560 | Lair:3   | Reached skill level 13 in Bows
 19560 | Lair:3   | Killed a death yak
 19566 | Lair:3   | Killed a death yak
 20278 | Lair:3   | Found a staircase to the Shoals.
 20440 | Lair:4   | Found a frozen archway.
 20448 | Lair:4   | Reached skill level 10 in Fighting
 20467 | IceCv    | Entered an ice cave
 20577 | IceCv    | HP: 46/106 [wolf (9)]
 20589 | IceCv    | HP: 34/106 [something (1)]
 21146 | IceCv    | Got a faintly glowing hand crossbow
 21290 | IceCv    | Reached XP level 13. HP: 102/113 MP: 15/15
 21696 | IceCv    | Reached skill level 14 in Bows
 21939 | IceCv    | HP: 55/114 [something (10)]
 21946 | IceCv    | HP: 54/114 [something (3)]
 21968 | IceCv    | HP: 52/114 [something (9)]
 21992 | IceCv    | HP: 56/114 [something (3)]
 22081 | IceCv    | Noticed a frost giant
 22085 | IceCv    | HP: 56/114 [frost giant/bolt of cold (12)]
 22090 | IceCv    | HP: 50/114 [polar bear (1)]
 22095 | IceCv    | Killed a frost giant
 22537 | Lair:4   | Identified the +7 hand crossbow of the Coward {elec, rN+ MR+ Str-5 Dex+2} (You found it in an ice cave)
 22861 | Lair:4   | Found a hole to the Spider Nest.
 24255 | Lair:5   | Reached skill level 5 in Invocations
 24551 | Lair:6   | Entered Level 6 of the Lair of Beasts
 24879 | Lair:6   | HP: 50/116 [death yak (9)]
 24880 | Lair:6   | Reached skill level 10 in Armour
 25330 | Lair:6   | HP: 50/116 [spriggan rider/spear (16)]
 25337 | Lair:6   | Reached XP level 14. HP: 55/124 MP: 17/17
 25821 | Lair:6   | Found a staircase to the Slime Pits.
 25863 | Lair:6   | HP: 60/124 [crocodile (7)]
 25864 | Lair:6   | Reached skill level 15 in Bows
 25876 | Lair:6   | HP: 58/124 [spriggan rider/spear (6)]
 25906 | Lair:6   | Reached skill level 16 in Bows
 25906 | Lair:6   | Reached XP level 15. HP: 68/130 MP: 18/18
 26977 | Orc:1    | Entered Level 1 of the Orcish Mines
 27062 | Orc:1    | Noticed an orc warlord
 27078 | Orc:1    | HP: 50/130 [orc sorcerer/bolt of fire (21)]
 27090 | D:9      | HP: 42/130 [something (2)]
 27397 | D:9      | Killed an orc warlord
 27838 | Orc:1    | You fall through a shaft!
 27838 | Orc:2    | Entered Level 2 of the Orcish Mines
 27849 | Orc:2    | HP: 54/130 [orc warrior/battleaxe (17)]
 28176 | Orc:2    | Found Sofaithy's General Store.
 28176 | Orc:2    | Found Weloa's Distillery.
 28182 | Orc:2    | HP: 61/132 [orc knight/halberd (13)]
 28187 | Orc:2    | Found Foukhlui's Weapon Emporium.
 28187 | Orc:2    | Found Ykhlig's Weapon Boutique.
 28518 | Orc:2    | Bought a potion of heal wounds for 60 gold pieces
 28518 | Orc:2    | Bought a potion of heal wounds for 60 gold pieces
 28518 | Orc:2    | Bought a potion of heal wounds for 60 gold pieces
 28518 | Orc:2    | Bought a potion of invisibility for 96 gold pieces
 28518 | Orc:2    | Bought a potion of invisibility for 96 gold pieces
 28518 | Orc:2    | Bought a potion of might for 48 gold pieces
 28523 | Orc:2    | Bought a scroll of fear for 38 gold pieces
 28523 | Orc:2    | Bought 3 scrolls of enchant armour for 247 gold pieces
 28683 | Orc:2    | HP: 61/132 [two-headed ogre/giant club (24)]
 28686 | Orc:2    | HP: 30/132 [two-headed ogre/giant club (17)]
 29030 | Orc:2    | Found a staircase to the Elven Halls.
 29136 | Orc:2    | Found a bloodstained altar of Trog.
 30080 | D:11     | Noticed hilaritas's ghost (journeyman DgFi)
 30089 | D:11     | Killed hilaritas's ghost
 30639 | D:12     | Noticed Nessos
 30640 | D:12     | Found an opulent altar of Gozag.
 30651 | D:12     | Killed Nessos
 30687 | D:12     | Found a labyrinth entrance.
 30721 | Lab      | Entered a labyrinth
 30849 | Lab      | Got a jewelled leather armour
 30861 | Lab      | Identified a +2 pair of boots of running (You found it in a labyrinth)
 30888 | D:12     | Identified the cursed +0 leather armour of Panentheism {rElec rPois MR+ rCorr} (You found it in a labyrinth)
 30972 | D:12     | Noticed Harold
 30983 | D:12     | Killed Harold
 31769 | D:12     | Reached skill level 17 in Bows
 31770 | D:12     | Reached XP level 16. HP: 138/139 MP: 21/21
 31827 | D:12     | Noticed a storm dragon
 31830 | D:12     | Killed a storm dragon
 32056 | D:12     | Got a distressingly furry leather armour
 32199 | D:12     | Identified the +5 leather armour of Wiaczeh {Regen+ Dex+2} (You took it off a meliai on level 12 of the Dungeon)
 32220 | D:12     | Got a warped flail
 32316 | D:12     | Noticed Sonja
 32322 | D:12     | Killed Sonja
 32602 | D:13     | HP: 69/141 [yaktaur/bolt (22)]
 32612 | D:13     | HP: 61/141 [something (1)]
 32617 | D:13     | HP: 59/141 [something (2)]
 33466 | D:13     | Noticed Azrael
 33470 | D:13     | Killed Azrael
 33951 | D:14     | HP: 70/141 [poisoned by a green ugly thing]
 33953 | D:14     | HP: 33/141 [skeletal warrior/short sword of speed[a skeletal warrior] (10)]
 33956 | D:14     | HP: 16/141 [poisoned by a green ugly thing]
 33961 | D:14     | HP: 22/141 [poisoned by a green ugly thing]
 33966 | D:14     | HP: 20/141 [poisoned by a green ugly thing]
 33972 | D:14     | HP: 18/141 [poisoned by a green ugly thing]
 33978 | D:14     | HP: 17/141 [poisoned by a green ugly thing]
 33986 | D:14     | HP: 17/141 [poisoned by a green ugly thing]
 33994 | D:14     | HP: 18/141 [poisoned by a green ugly thing]
 34612 | D:14     | Noticed Rupert
 34618 | D:14     | Paralysed by Rupert for 6 turns
 34624 | D:14     | Killed Rupert
 34815 | D:14     | Reached skill level 10 in Dodging
 34985 | D:14     | Found a gate to the Vaults.
 35028 | D:14     | Found Fydymp's Food Emporium.
 35440 | D:15     | Entered Level 15 of the Dungeon
 35629 | D:15     | Found a shattered altar of Ashenzari.
 35630 | D:15     | Found a burning altar of Makhleb.
 35630 | D:15     | Found a shimmering altar of Xom.
 35941 | D:15     | Found a staircase to the Depths.
 36153 | D:15     | Reached skill level 18 in Bows
 36455 | D:15     | Noticed a tengu reaver
 36466 | D:15     | Killed a tengu reaver
 36466 | D:15     | Reached XP level 17. HP: 129/150 MP: 23/23
 36954 | D:15     | HP: 69/150 [tengu warrior/dire flail (8)]
 37279 | D:15     | Reached skill level 10 in Invocations
 37283 | D:15     | HP: 73/150 [yaktaur/bolt (8)]
 37550 | D:15     | Got a shadowed robe
 37733 | D:15     | Got a steaming plate armour
 37734 | D:15     | Identified the +7 plate armour of Failure {rPois Dex+2} (You found it on level 15 of the Dungeon)
 37756 | D:15     | Got a crystal hand axe {drain}
 37861 | D:15     | Identified the cursed +3 hand axe "Mishrig" {drain, rC+ rN+ Str+3 SInv} (You took it off an ogre mage on level 15 of the Dungeon)
 38129 | Depths:1 | Entered Level 1 of the Depths
 38362 | Depths:1 | Reached skill level 15 in Axes
 38363 | Depths:1 | Noticed Margery
 38369 | Depths:1 | Killed Margery
 38418 | Depths:1 | HP: 67/151 [tengu reaver/bolt of lightning (12)]
 38423 | Depths:1 | HP: 58/151 [tengu reaver/long sword (11)]
 38428 | Depths:1 | HP: 39/151 [tengu reaver/long sword (14)]
 39033 | Spider:1 | Entered Level 1 of the Spider Nest
 39355 | Spider:1 | Noticed Agnes
 39362 | Spider:1 | Killed Agnes
 39582 | Spider:1 | Reached skill level 19 in Bows
 40039 | Spider:1 | Reached XP level 18. HP: 160/160 MP: 25/25
 40248 | Spider:1 | Noticed Louise
 40257 | Spider:1 | Killed Louise
 40450 | Spider:2 | Noticed Frances
 40474 | Spider:1 | Killed Frances
 40570 | Spider:2 | Paralysed by a hornet for 3 turns
 40581 | Spider:2 | HP: 78/161 [poisoned by a wolf spider]
 40586 | Spider:2 | HP: 67/161 [poisoned by a wolf spider]
 40591 | Spider:2 | HP: 59/161 [poisoned by a wolf spider]
 40596 | Spider:2 | HP: 54/161 [poisoned by a wolf spider]
 40601 | Spider:2 | HP: 51/161 [poisoned by a wolf spider]
 40606 | Spider:2 | HP: 48/161 [poisoned by a wolf spider]
 40613 | Spider:2 | HP: 46/161 [poisoned by a wolf spider]
 40620 | Spider:2 | HP: 46/161 [poisoned by a wolf spider]
 40627 | Spider:2 | HP: 46/161 [poisoned by a wolf spider]
 40633 | Spider:2 | HP: 47/161 [poisoned by a wolf spider]
 40644 | Spider:2 | HP: 46/161 [jumping spider (3)]
 41481 | Spider:2 | Got a shimmering war axe
 41691 | Spider:2 | Identified the +8 war axe "Xaaduuss" {protect, +Blink +Rage Str+2 Stlth-} (You found it on level 2 of the Spider Nest)
 43023 | Spider:4 | Entered Level 4 of the Spider Nest
 43597 | Spider:4 | Noticed Arachne
 43627 | Spider:4 | HP: 71/162 [Arachne/poison arrow (11)]
 43632 | Spider:4 | HP: 67/162 [poisoned by Arachne (poison arrow)]
 43633 | Spider:4 | Killed Arachne
 43633 | Spider:4 | Reached skill level 15 in Fighting
 43637 | Spider:4 | HP: 64/163 [poisoned by Arachne (poison arrow)]
 43643 | Spider:4 | HP: 62/163 [poisoned by Arachne (poison arrow)]
 43648 | Spider:4 | HP: 60/163 [poisoned by Arachne (poison arrow)]
 43653 | Spider:4 | HP: 60/163 [poisoned by Arachne (poison arrow)]
 43660 | Spider:4 | HP: 61/163 [poisoned by Arachne (poison arrow)]
 43668 | Spider:4 | HP: 62/163 [poisoned by Arachne (poison arrow)]
 43692 | Spider:4 | HP: 65/163 [emperor scorpion (4)]
 43697 | Spider:4 | HP: 43/163 [poisoned by an emperor scorpion]
 43702 | Spider:4 | HP: 37/163 [poisoned by an emperor scorpion]
 43707 | Spider:4 | HP: 33/163 [poisoned by an emperor scorpion]
 43712 | Spider:4 | HP: 31/163 [poisoned by an emperor scorpion]
 43717 | Spider:4 | HP: 30/163 [poisoned by an emperor scorpion]
 43722 | Spider:4 | HP: 30/163 [poisoned by an emperor scorpion]
 43729 | Spider:4 | HP: 30/163 [poisoned by an emperor scorpion]
 43737 | Spider:4 | HP: 31/163 [poisoned by an emperor scorpion]
 43764 | Spider:4 | Noticed Bai Suzhen
 43944 | Spider:4 | Killed Bai Suzhen
 43947 | Spider:4 | Reached skill level 20 in Bows
 44242 | Spider:4 | Reached XP level 19. HP: 158/170 MP: 1/26
 44506 | Spider:4 | Got a gossamer rune of Zot
 44634 | Spider:4 | Got a scorched scale mail
 44713 | Spider:4 | Identified the cursed +0 scale mail of Going Fast {Int+2} (You found it on level 4 of the Spider Nest)
 44831 | Shoals:1 | Entered Level 1 of the Shoals
 44948 | Shoals:1 | HP: 82/170 [drowned by a water nymph (9)]
 44953 | Shoals:1 | HP: 67/170 [poisoned by a merfolk javelineer]
 44958 | Shoals:1 | HP: 55/170 [poisoned by a merfolk javelineer]
 44963 | Shoals:1 | HP: 52/170 [poisoned by a merfolk javelineer]
 44968 | Shoals:1 | HP: 51/170 [poisoned by a merfolk javelineer]
 44974 | Shoals:1 | HP: 50/170 [poisoned by a merfolk javelineer]
 44979 | Shoals:1 | HP: 50/170 [poisoned by a merfolk javelineer]
 44987 | Shoals:1 | HP: 51/170 [poisoned by a merfolk javelineer]
 46352 | Shoals:2 | HP: 69/171 [merfolk aquamancer/torrent of water (22)]
 46425 | Shoals:2 | HP: 78/172 [satyr/arrow (8)]
 48960 | Shoals:3 | Reached skill level 15 in Armour
 49220 | Shoals:3 | HP: 79/174 [drowned by a water elemental (9)]
 49820 | Shoals:4 | Entered Level 4 of the Shoals
 50313 | Shoals:4 | HP: 80/174 [merfolk impaler/demon trident of freezing (13)]
 50320 | Shoals:4 | HP: 53/174 [poisoned by a merfolk javelineer]
 50325 | Shoals:4 | HP: 53/174 [poisoned by a merfolk javelineer]
 50329 | Shoals:4 | Got a barnacled rune of Zot
 50330 | Shoals:4 | HP: 54/174 [poisoned by a merfolk javelineer]
 50792 | Shoals:4 | Noticed Ilsuiw
 50811 | Shoals:4 | HP: 82/174 [merfolk impaler/trident (21)]
 50815 | Shoals:4 | HP: 30/174 [merfolk/trident (13)]
 50816 | Shoals:4 | Slain by a water elemental

Skill      XL: |  1  2  3  4  5  6  7  8  9 10 11 12 13 14 15 16 17 18 19 |
---------------+----------------------------------------------------------+-----
Fighting       | 2 3 4 5 6 7 8 10 11 12 13 14 15 16 | 16.9
Shields        | 1 2 3 5 6 8 |  8.3
Armour         | 1 3 5 6 7 8 10 11 12 13 14 15 | 15.3
Axes           | 3 5 7 9 10 11 12 13 14 15 17 18 | 18.7
Invocations    | 1 3 4 6 8 9 10 11 12 | 12.5
Bows           | 8 12 13 14 16 17 18 19 20 | 20.0
Dodging        | 4 6 7 8 9 10 11 12 13 | 13.5
Stealth        | |  1.5
Spellcasting   | |  1.3
Conjurations   | |  2.9

Action                   |  1- 3 |  4- 6 |  7- 9 | 10-12 | 13-15 | 16-18 | 19-21 || total
-------------------------+-------+-------+-------+-------+-------+-------+-------++-------
Melee: Unarmed           |    88 |       |       |       |       |       |       ||    88
       Headbutt          |    20 |    21 |    55 |    43 |    82 |    62 |    24 ||   307
       Short sword       |    78 |    85 |       |       |       |       |       ||   163
       War axe           |       |    77 |   353 |   363 |   462 |   386 |    16 ||  1657
       Trident           |       |       |       |     1 |       |       |       ||     1
       Battleaxe         |       |       |       |       |       |       |   129 ||   129
 Fire: Longbow           |       |       |       |   221 |   154 |   910 |   363 ||  1648
Throw: Throwing net      |       |       |       |       |     2 |       |       ||     2
Invok: Stomp             |       |       |     3 |       |     2 |    14 |     1 ||    20
       Grand Finale      |       |       |       |       |     1 |     1 |     2 ||     4
       Line Pass         |       |       |       |       |       |     1 |       ||     1
Evoke: Wand              |       |       |     1 |       |       |       |       ||     1
  Use: Scroll            |       |     9 |     5 |    15 |    12 |     8 |     4 ||    53
       Potion            |       |       |       |       |     2 |     3 |       ||     5
 Stab: Sleeping          |     2 |       |       |     2 |       |       |       ||     4
       Paralysed         |       |       |    10 |    32 |    56 |    47 |    19 ||   164
       Distracted        |       |       |       |     1 |       |       |       ||     1
  Eat: Chunk             |     5 |     8 |    16 |    23 |    32 |    26 |    17 ||   127
       Ration            |       |       |     2 |     4 |     1 |     4 |     1 ||    12
Armor: Robe              |    15 |       |       |       |       |       |       ||    15
       Leather armour    |    27 |       |       |       |       |       |       ||    27
       Scale mail        |       |    86 |    97 |    74 |   267 |   408 |   182 ||  1114
       Plate armour      |       |       |    91 |   221 |       |       |       ||   312
Dodge: Dodged            |   124 |   103 |   105 |   165 |   270 |   401 |   220 ||  1388
Block: Buckler           |       |    36 |     7 |       |       |       |       ||    43
       Shield            |       |       |   187 |    54 |       |       |       ||   241

Vault maps used:
D:1:      matt_arrival_diagonals, serial_park_tiny_1
D:2:      kiku_gazebo_garden_becter, uniq_terence
D:4:      old_standard_altar, first_ration, serial_undead, serial_undead_c,
          serial_undead_b, serial_undead_f, serial_undead_c, uniq_eustachio
D:5:      nicolae_ashenzari_panopticon, st_stairs_6
D:6:      minmay_temple_entry_fiery, uniq_sigmund, uniq_blork_the_orc
D:7:      minmay_misc_feat_tower, uniq_duvessa
D:8:      old_standard_altar, uniq_psyche, uniq_pikel, uniq_maurice, uniq_grum
D:9:      grunt_temple_overflow_open, orc_0_dummy
D:10:     dpeg_lair_monsters, serial_shops, shop, hangedman_fish_farm
D:11:     kennysheep_doodads, billiards_dpeg
D:12:     minmay_tile_spiral, lab_entry_generic, nicolae_gozag_seed_capital,
          uniq_harold, uniq_nessos, uniq_sonja
D:13:     kennysheep_blocky_hall, uniq_azrael
D:14:     david_vaults_4, serial_park_tiny_pond, serial_shops,
          nicolae_shop_behind_doors, uniq_rupert
D:15:     hangedman_slaughterboxes
Temple:   nicolae_temple_x_marks_the_god
Lair:1:   serial_bayou_pond_a, minmay_hedge_maze, grunt_megastairs_5
Lair:2:   uniq_urug
Lair:3:   elwin_shoals_entry_rooms, minivault_19
Lair:4:   dummy_spider_entry, portal_ice_cave_entry_ice_beasts
Lair:5:   minivault_27, minmay_lair_drake_nest
Lair:6:   minmay_lair_end_enchanted_forest, slime_dummy
Shoals:2: nicolae_shoals_water_shrine
Shoals:4: shoals_end_grunt_ice, shoals_ilsuiw_ice
Spider:1: guppyfry_spider_mini_3, uniq_agnes, uniq_louise
Spider:2: minivault_29, uniq_frances
Spider:4: grunt_spider_rune_parallel, uniq_bai_suzhen, uniq_arachne
Orc:2:    grunt_orc_tribal_feast, trog_book
Depths:1: minmay_the_grid_triangle_9x9_recursive_3_mashed, enter_ziggurat_a,
          abyss_entry, serial_shops, shop, grunt_metal_band, glass_columns_b,
          minmay_misc_feat_encased, hangedman_aviary, serial_bayou_shore_b,
          uniq_enchantress
Lab:      labyrinth_hidden_loot, nicolae_lab_do_over, nicolae_lab_quarters,
          nicolae_lab_x, nicolae_lab_plus, nicolae_lab_very_dead_end,
          nicolae_lab_statue, nicolae_lab_stuck, labyrinth_skeletal_remains,
          lab_hedge
IceCv:    ice_cave_caverns_02
